Philadelphia Phantoms vs Tappara Tampere
Created - Monday, November 17, 2025 at 09:51
Goals
|
| Philadelphia Phantoms |
1 |
0 |
2 |
0 |
3 |
| Tappara Tampere |
0 |
1 |
2 |
1 |
4 |
|
Shots
|
| Philadelphia Phantoms |
15 |
7 |
21 |
0 |
43 |
| Tappara Tampere |
5 |
21 |
10 |
1 |
37 |
|
1st period
1. Philadelphia Phantoms , Alex Steeves 65 (Marc Gatcomb 55, Nils Aman 75) at 8:03 (PP)
Penalties :
Jayson Megna (TAP) for Hooking (Minor) at 7:33
2nd period
2. Tappara Tampere , Michael Rasmussen 47 (Nathan Walker 37, Andreas Englund 32) at 13:35 (PP)
Penalties :
Andreas Englund (TAP) for Fighting (Major) at 0:34, Noel Gunler (PHP) for Fighting (Major) at 0:34, John Klingberg (TAP) for Slashing (Minor) at 7:26, Noah Laba (PHP) for Hooking (Minor) at 12:01, Noah Laba (PHP) for Tripping (Minor) at 18:22
3rd period
3. Philadelphia Phantoms , Tye Kartye 33 (Alex Steeves 67) at 0:32
4. Philadelphia Phantoms , Noah Laba 17 (Tye Kartye 49, Ryan Johnson 18) at 5:41
5. Tappara Tampere , Nathan Walker 44 (Michael Rasmussen 88, Jan Rutta 50) at 11:02 (SH)
6. Tappara Tampere , Klim Kostin 18 (Tomas Nosek 41) at 16:01
Penalties :
Sam Carrick (TAP) for Holding (Minor) at 5:44, Jayson Megna (TAP) for High sticking (Minor) at 10:33
Overtime #1
7. Tappara Tampere , Tomas Nosek 31 (Mitchell Chaffee 64) at 4:23
Penalties :
No Penalty
Goalie Stats
Cooper Black (PHP), 33 saves from 37 shots - (0.892), OTL, 32-22-4, 64:23 minutes
Joel Hofer (TAP), 40 saves from 43 shots - (0.930), W, 32-8-1, 64:23 minutes
Players Stats for Philadelphia Phantoms
Player Name G A P +/- PIM S H SB GA TA FO MP PP MP PK MP
------------------------------------------------------------------------------------
0 0 0 0 0 0 0 0 0 0 0/0 0:00 0:00 0:00
Adam Klapka 0 0 0 0 0 3 1 1 1 1 1/4 16:17 3:10 0:00
Albert Johansson 0 0 0 -1 0 2 1 1 2 0 0/0 24:21 3:12 1:54
Alex Steeves 1 1 2 0 0 7 1 0 2 0 8/13 19:24 3:07 1:49
Anton Johansson 0 0 0 0 0 1 1 2 0 2 0/0 17:59 3:12 0:00
Jacob Quillan 0 0 0 -1 0 0 2 2 0 1 9/20 19:09 3:20 1:44
Jaroslav Chmelar 0 0 0 0 0 1 0 0 0 0 0/0 14:35 0:13 0:00
Kai Uchacz 0 0 0 0 0 2 1 0 0 0 7/13 12:47 0:00 0:00
Marc Gatcomb 0 1 1 -1 0 2 0 0 0 0 1/1 15:55 3:04 0:00
Michael Callahan 0 0 0 0 0 0 4 1 1 1 0/0 20:49 0:00 1:39
Michael Carcone 0 0 0 -1 0 3 1 0 1 1 1/1 13:36 0:00 0:00
Nikolai Kovalenko 0 0 0 0 0 1 1 0 0 1 0/1 16:29 3:10 1:44
Nils Aman 0 1 1 -1 0 5 0 1 4 0 1/2 16:20 3:04 0:00
Noah Laba 1 0 1 1 4 1 0 0 0 1 3/14 13:16 0:00 0:00
Noel Gunler 0 0 0 0 5 2 0 1 0 0 0/1 10:23 0:00 0:00
Ryan Johnson 0 1 1 1 0 2 1 1 0 0 0/0 14:42 0:00 0:00
Samuel Johannesson 0 0 0 -1 0 1 1 1 0 0 0/0 25:20 3:15 1:39
Tye Kartye 1 1 2 1 0 8 2 0 0 0 0/0 16:59 0:13 1:49
Tyler Kleven 0 0 0 -1 0 2 3 3 0 3 0/0 25:35 3:15 1:54
Players Stats for Tappara Tampere
Player Name G A P +/- PIM S H SB GA TA FO MP PP MP PK MP
------------------------------------------------------------------------------------
0 0 0 0 0 0 0 0 0 0 0/0 0:00 0:00 0:00
Andreas Englund 0 1 1 -2 5 2 0 0 0 1 0/0 21:29 1:33 3:03
Andrew Poturalski 0 0 0 0 0 3 1 0 2 1 2/2 17:02 1:47 0:13
Jan Rutta 0 1 1 3 0 0 1 0 0 0 0/0 25:06 2:00 3:24
Jayson Megna 0 0 0 0 4 0 2 0 0 0 2/5 10:49 0:00 1:08
John Klingberg 0 0 0 -2 2 0 1 1 2 1 0/0 18:28 1:33 0:00
Jonathan Lekkerimaki 0 0 0 0 0 1 0 3 1 0 0/1 8:49 0:00 0:00
Justin Holl 0 0 0 3 0 2 3 0 0 1 0/0 25:37 2:00 3:24
Klim Kostin 1 0 1 0 0 2 2 0 0 0 1/2 12:24 0:00 0:00
Logan Stankoven 0 0 0 -1 0 3 1 1 1 0 0/1 16:42 1:46 0:00
Max Sasson 0 0 0 0 0 1 2 1 0 1 0/0 8:49 0:00 0:00
Michael Rasmussen 1 1 2 0 0 6 2 1 1 2 11/22 21:06 1:46 3:29
Mitchell Chaffee 0 1 1 1 0 2 0 1 1 0 0/0 14:55 1:47 0:00
Nathan Walker 1 1 2 0 0 3 3 0 1 2 1/1 21:22 1:46 3:53
Pierre Engvall 0 0 0 0 0 6 1 0 1 2 0/2 16:49 1:47 0:00
Sam Carrick 0 0 0 0 2 2 1 2 0 0 14/23 18:36 0:00 1:37
Sebastian J. Aho 0 0 0 0 0 0 0 2 0 0 0/0 16:30 0:00 0:00
Tomas Nosek 1 1 2 1 0 2 1 1 1 0 8/11 15:42 0:00 2:34
Ville Ottavainen 0 0 0 0 0 2 0 1 0 0 0/0 20:45 0:00 3:03
3 Stars
1 - Tomas Nosek (TAP)
2 - Nathan Walker (TAP)
3 - Michael Rasmussen (TAP)
Power Play
Philadelphia Phantoms - 1 on 4 Attempt(s) - 25.00%
Tappara Tampere - 1 on 2 Attempt(s) - 50.00%
Penalty Kill
Philadelphia Phantoms - 1 on 2 Attempt(s) - 50.00%
- Score 0 goal in Penalty Kill
Tappara Tampere - 3 on 4 Attempt(s) - 75.00%
- Score 1 goal in Penalty Kill
Team Stat
Philadelphia Phantoms - Hits : 20 - Faceoff Wins : 31 - Blocked Shots : 14 - Penalty Minutes : 9
Tappara Tampere - Hits : 21 - Faceoff Wins : 39 - Blocked Shots : 14 - Penalty Minutes : 13
Official
Referees : Gord Dwyer and Marc Joannette
Linesman : Derek Nansen and Ryan Daisy
Game Notes
Andreas Englund and Noel Gunler fight to a draw at 0:34 of 2nd period
Philadelphia Phantoms
5 vs 5 Forward
Center Left Wing Right Wing Time % Phy DF OF
1 Alex Steeves Jaroslav Chmelar Noel Gunler 25 1 2 2
2 Jacob Quillan Michael Carcone Nikolai Kovalenko 25 1 2 2
3 Kai Uchacz Marc Gatcomb Nils Aman 25 1 2 2
4 Noah Laba Tye Kartye Adam Klapka 25 1 2 2
5 vs 5 Defense
Defense Defense Time % Phy DF OF
1 Samuel Johannesson Tyler Kleven 35 1 2 2
2 Albert Johansson Michael Callahan 35 1 2 2
3 Ryan Johnson Anton Johansson 30 1 2 2
4 Samuel Johannesson Tyler Kleven 0 1 2 2
PowerPlay Forward
Center Left Wing Right Wing Time % Phy DF OF
1 Alex Steeves Marc Gatcomb Nils Aman 50 1 2 2
2 Jacob Quillan Adam Klapka Nikolai Kovalenko 50 1 2 2
PowerPlay Defense
Defense Defense Time % Phy DF OF
1 Anton Johansson Albert Johansson 50 1 2 2
2 Samuel Johannesson Tyler Kleven 50 1 2 2
Penalty Kill 4 Players Forward
Center Wing Time % Phy DF OF
1 Alex Steeves Tye Kartye 50 1 2 2
2 Jacob Quillan Nikolai Kovalenko 50 1 2 2
Penalty Kill 4 Players Defense
Defense Defense Time % Phy DF OF
1 Albert Johansson Tyler Kleven 50 1 2 2
2 Michael Callahan Samuel Johannesson 50 1 2 2
Penalty Kill - 3 Players Forward
Forward Time % Phy DF OF
1 Tye Kartye 50 1 2 2
2 Nikolai Kovalenko 50 1 2 2
Penalty Kill - 3 Players Defense
Defense Defense Time % Phy DF OF
1 Albert Johansson Tyler Kleven 50 1 2 2
2 Michael Callahan Samuel Johannesson 50 1 2 2
4 vs 4 Forward
Center Wing Time % Phy DF OF
1 Alex Steeves Jaroslav Chmelar 50 1 2 2
2 Jacob Quillan Michael Carcone 50 1 2 2
4 vs 4 Defense
Defense Defense Time % Phy DF OF
1 Samuel Johannesson Tyler Kleven 50 1 2 2
2 Albert Johansson Michael Callahan 50 1 2 2
Last Minutes Offensive
Center Left Wing Right Wing Defense Defense
Alex Steeves Marc Gatcomb Adam Klapka Anton Johansson Albert Johansson
Last Minutes Defensive
Center Left Wing Right Wing Defense Defense
Alex Steeves Jacob Quillan Tye Kartye Albert Johansson Tyler Kleven
Goaltenders
Starting : Cooper Black
Backup : Colten Ellis
Extra Forwards
Normal : Alex Steeves, Jacob Quillan, Tye Kartye - PP : Marc Gatcomb, Adam Klapka - PK : Tye Kartye
Extra Defensemen
Normal : Samuel Johannesson, Tyler Kleven, Albert Johansson - PP : Anton Johansson - PK : Anton Johansson, Samuel Johannesson
Penalty Shots
Alex Steeves, Jacob Quillan, Marc Gatcomb, Adam Klapka, Michael Carcone
Scratches
Chase Bradley (Healthy), James Malatesta (Healthy), Ryan Winterton (Healthy), Sam Lipkin (Healthy), Parker Bell (Healthy)
Gavin Hayes (Healthy), Braeden Kressler (Healthy), Isaac Poulter (Healthy), Dennis Hildeby (Healthy)
Tappara Tampere
5 vs 5 Forward
Center Left Wing Right Wing Time % Phy DF OF
1 Michael Rasmussen Nathan Walker Logan Stankoven 30 0 2 3
2 Sam Carrick Pierre Engvall Andrew Poturalski 30 0 2 3
3 Tomas Nosek Klim Kostin Mitchell Chaffee 25 1 2 2
4 Jayson Megna Max Sasson Jonathan Lekkerimaki 15 1 2 2
5 vs 5 Defense
Defense Defense Time % Phy DF OF
1 Jan Rutta Justin Holl 34 1 2 2
2 Andreas Englund John Klingberg 33 1 2 2
3 Ville Ottavainen Sebastian J. Aho 33 1 2 2
4 Jan Rutta Justin Holl 0 1 2 2
PowerPlay Forward
Center Left Wing Right Wing Time % Phy DF OF
1 Michael Rasmussen Nathan Walker Logan Stankoven 50 0 0 5
2 Andrew Poturalski Pierre Engvall Mitchell Chaffee 50 0 0 5
PowerPlay Defense
Defense Defense Time % Phy DF OF
1 Jan Rutta Justin Holl 50 0 1 4
2 Andreas Englund John Klingberg 50 0 1 4
Penalty Kill 4 Players Forward
Center Wing Time % Phy DF OF
1 Michael Rasmussen Nathan Walker 50 0 5 0
2 Sam Carrick Tomas Nosek 50 0 5 0
Penalty Kill 4 Players Defense
Defense Defense Time % Phy DF OF
1 Jan Rutta Justin Holl 50 0 5 0
2 Ville Ottavainen Andreas Englund 50 0 5 0
Penalty Kill - 3 Players Forward
Forward Time % Phy DF OF
1 Michael Rasmussen 50 0 5 0
2 Sam Carrick 50 0 5 0
Penalty Kill - 3 Players Defense
Defense Defense Time % Phy DF OF
1 Jan Rutta Justin Holl 50 0 5 0
2 Ville Ottavainen Andreas Englund 50 0 5 0
4 vs 4 Forward
Center Wing Time % Phy DF OF
1 Michael Rasmussen Logan Stankoven 50 1 2 2
2 Sam Carrick Nathan Walker 50 1 2 2
4 vs 4 Defense
Defense Defense Time % Phy DF OF
1 Jan Rutta Justin Holl 50 1 2 2
2 Andreas Englund John Klingberg 50 1 2 2
Last Minutes Offensive
Center Left Wing Right Wing Defense Defense
Andrew Poturalski Logan Stankoven Mitchell Chaffee Jan Rutta John Klingberg
Last Minutes Defensive
Center Left Wing Right Wing Defense Defense
Sam Carrick Nathan Walker Michael Rasmussen Jan Rutta Justin Holl
Goaltenders
Starting : Joel Hofer
Backup : Ken Appleby
Extra Forwards
Normal : Mitchell Chaffee, Tomas Nosek, Jayson Megna - PP : Mitchell Chaffee, Tomas Nosek - PK : Jayson Megna
Extra Defensemen
Normal : Ville Ottavainen, Sebastian J. Aho, Andreas Englund - PP : Andreas Englund - PK : Sebastian J. Aho, Andreas Englund
Penalty Shots
Jayson Megna, Jonathan Lekkerimaki, Andrew Poturalski, Nathan Walker, Sam Carrick
Scratches
Dominik Kubalik (Healthy), Roni Hirvonen (Healthy), Simon Robertsson (Healthy), Niko Huuhtanen (Healthy), Ty Gallagher (Healthy)
Jesse Pulkkinen (Healthy), Jesper Vikman (Healthy), Nikita Tolopilo (Healthy), Brandon Bussi (Healthy)
% Time on Ice - Philadelphia Phantoms
Lines # - Real PCT - Wanted PCT - Time Play
Normal Forward
1 - 25% - 25% - 12:22
2 - 23% - 25% - 11:44
3 - 26% - 25% - 12:47
4 - 26% - 25% - 13:07
Normal Defense
1 - 34% - 35% - 17:05
2 - 36% - 35% - 18:13
3 - 29% - 30% - 14:42
4 - 0% - 0% - 0:00
PP Forward
1 - 48% - 50% - 3:07
2 - 52% - 50% - 3:20
PP Defense
1 - 50% - 50% - 3:12
2 - 50% - 50% - 3:15
PK Forward
1 - 51% - 50% - 1:49
2 - 49% - 50% - 1:44
PK Defense
1 - 54% - 50% - 1:54
2 - 46% - 50% - 1:39
PK3 Forward
1 - 0% - 50%
2 - 0% - 50%
PK3 Defense
1 - 0% - 50%
2 - 0% - 50%
44 Forward
1 - 53% - 50% - 2:19
2 - 47% - 50% - 2:04
44 Defense
1 - 52% - 50% - 2:18
2 - 48% - 50% - 2:05
Last Minute Offensive - 0:00
Last Minute Defensive - 0:00
Total
Forward - 64:23
Defense - 64:23
|
% Time on Ice - Tappara Tampere
Lines # - Real PCT - Wanted PCT - Time Play
Normal Forward
1 - 28% - 30% - 13:45
2 - 30% - 30% - 15:02
3 - 25% - 25% - 12:24
4 - 18% - 15% - 8:49
Normal Defense
1 - 34% - 34% - 17:13
2 - 33% - 33% - 16:37
3 - 32% - 33% - 16:10
4 - 0% - 0% - 0:00
PP Forward
1 - 50% - 50% - 1:46
2 - 50% - 50% - 1:47
PP Defense
1 - 56% - 50% - 2:00
2 - 44% - 50% - 1:33
PK Forward
1 - 54% - 50% - 3:29
2 - 46% - 50% - 2:58
PK Defense
1 - 53% - 50% - 3:24
2 - 47% - 50% - 3:03
PK3 Forward
1 - 0% - 50%
2 - 0% - 50%
PK3 Defense
1 - 0% - 50%
2 - 0% - 50%
44 Forward
1 - 52% - 50% - 2:17
2 - 48% - 50% - 2:06
44 Defense
1 - 50% - 50% - 2:11
2 - 50% - 50% - 2:12
Last Minute Offensive - 0:00
Last Minute Defensive - 0:00
Total
Forward - 64:23
Defense - 64:23
|
Play-by-Play
1st period
0:01 of 1st period - Alex Steeves wins face-off versus Michael Rasmussen in neutral zone.
0:10 of 1st period - Slapshot by Noel Gunler.
0:10 of 1st period - Stopped by Joel Hofer without a rebound.
0:11 of 1st period - Michael Carcone wins face-off versus Pierre Engvall in Tappara Tampere zone.
0:39 of 1st period - Snap shot by Mitchell Chaffee.
0:39 of 1st period - Shot Misses the Net.
0:47 of 1st period - Slapshot by Mitchell Chaffee.
0:47 of 1st period - Shot Misses the Net.
1:03 of 1st period - Snap shot by Marc Gatcomb.
1:03 of 1st period - Shot Misses the Net.
1:09 of 1st period - Wrist shot by Noah Laba.
1:09 of 1st period - Shot Blocked by Jonathan Lekkerimaki.
1:44 of 1st period - Snap shot by Pierre Engvall.
1:44 of 1st period - Shot Misses the Net.
2:02 of 1st period - Snap shot by Tomas Nosek.
2:02 of 1st period - Shot Misses the Net.
2:22 of 1st period - Wrist shot by Max Sasson.
2:22 of 1st period - Shot Blocked by Tyler Kleven.
3:00 of 1st period - Wrist shot by Nikolai Kovalenko.
3:00 of 1st period - Shot Misses the Net.
3:02 of 1st period - Snap shot by Tyler Kleven.
3:02 of 1st period - Stopped by Joel Hofer without a rebound.
3:03 of 1st period - Tomas Nosek wins face-off versus Jacob Quillan in Tappara Tampere zone.
3:08 of 1st period - Slapshot by Mitchell Chaffee.
3:08 of 1st period - Shot Blocked by Anton Johansson.
3:20 of 1st period - Snap shot by Michael Carcone.
3:20 of 1st period - Stopped by Joel Hofer with a rebound.
3:44 of 1st period - Slapshot by Nils Aman.
3:44 of 1st period - Shot Misses the Net.
4:24 of 1st period - Albert Johansson is hit by Justin Holl and loses puck.
5:50 of 1st period - Off-side.
5:51 of 1st period - Jayson Megna wins face-off versus Kai Uchacz in neutral zone.
5:54 of 1st period - Ryan Johnson is hit by Jayson Megna and loses puck.
6:03 of 1st period - John Klingberg is hit by Ryan Johnson and loses puck.
6:37 of 1st period - Slapshot by Adam Klapka.
6:37 of 1st period - Shot Misses the Net.
7:18 of 1st period - Albert Johansson is hit by Nathan Walker and loses puck.
7:33 of 1st period - Minor Penalty to Jayson Megna for Hooking.
7:34 of 1st period - Michael Rasmussen wins face-off versus Alex Steeves in Tappara Tampere zone.
7:43 of 1st period - Snap shot by Michael Rasmussen.
7:43 of 1st period - Stopped by Cooper Black without a rebound.
7:44 of 1st period - Michael Rasmussen wins face-off versus Alex Steeves in Philadelphia Phantoms zone.
7:47 of 1st period - Wrist shot by Michael Rasmussen.
7:47 of 1st period - Shot Blocked by Samuel Johannesson.
8:01 of 1st period - Slapshot by Marc Gatcomb.
8:01 of 1st period - Stopped by Joel Hofer with a rebound.
8:03 of 1st period - Wrist shot by Alex Steeves.
8:03 of 1st period - Goal by Alex Steeves - Philadelphia Phantoms : 1 - Tappara Tampere : 0.
8:04 of 1st period - Alex Steeves wins face-off versus Pierre Engvall in neutral zone.
8:07 of 1st period - Andrew Poturalski is hit by Tyler Kleven and loses puck.
8:18 of 1st period - Wrist shot by Jaroslav Chmelar.
8:18 of 1st period - Stopped by Joel Hofer without a rebound.
8:19 of 1st period - Michael Rasmussen wins face-off versus Noah Laba in Tappara Tampere zone.
8:24 of 1st period - Snap shot by Logan Stankoven.
8:24 of 1st period - Shot Blocked by Adam Klapka.
8:57 of 1st period - Wrist shot by Klim Kostin.
8:57 of 1st period - Shot Blocked by Noel Gunler.
9:44 of 1st period - Snap shot by Nathan Walker.
9:44 of 1st period - Stopped by Cooper Black without a rebound.
9:45 of 1st period - Michael Rasmussen wins face-off versus Kai Uchacz in Philadelphia Phantoms zone.
9:49 of 1st period - Icing by Anton Johansson.
9:50 of 1st period - Tomas Nosek wins face-off versus Kai Uchacz in Philadelphia Phantoms zone.
9:53 of 1st period - Snap shot by Klim Kostin.
9:53 of 1st period - Shot Misses the Net.
10:01 of 1st period - Wrist shot by Nils Aman.
10:01 of 1st period - Stopped by Joel Hofer with a rebound.
10:17 of 1st period - Alex Steeves is hit by Sam Carrick and loses puck.
10:44 of 1st period - Wrist shot by Alex Steeves.
10:44 of 1st period - Stopped by Joel Hofer with a rebound.
10:46 of 1st period - Wrist shot by Noel Gunler.
10:46 of 1st period - Shot Misses the Net.
10:48 of 1st period - Slapshot by Noel Gunler.
10:48 of 1st period - Shot Misses the Net.
10:50 of 1st period - Slapshot by Alex Steeves.
10:50 of 1st period - Stopped by Joel Hofer without a rebound.
10:51 of 1st period - Michael Rasmussen wins face-off versus Noah Laba in Tappara Tampere zone.
10:51 of 1st period - Michael Rasmussen is hit by Tye Kartye.
11:19 of 1st period - Klim Kostin is hit by Michael Carcone and loses puck.
12:17 of 1st period - Snap shot by Alex Steeves.
12:17 of 1st period - Stopped by Joel Hofer with a rebound.
12:35 of 1st period - Snap shot by Tye Kartye.
12:35 of 1st period - Shot Misses the Net.
12:37 of 1st period - Slapshot by Albert Johansson.
12:37 of 1st period - Stopped by Joel Hofer with a rebound.
12:39 of 1st period - Snap shot by Noah Laba.
12:39 of 1st period - Shot Misses the Net.
12:51 of 1st period - John Klingberg is hit by Nikolai Kovalenko and loses puck.
13:37 of 1st period - Snap shot by Andrew Poturalski.
13:37 of 1st period - Shot Misses the Net.
14:21 of 1st period - Wrist shot by Michael Carcone.
14:21 of 1st period - Shot Misses the Net.
14:35 of 1st period - Kai Uchacz is hit by Max Sasson.
14:41 of 1st period - Wrist shot by Max Sasson.
14:41 of 1st period - Stopped by Cooper Black with a rebound.
14:43 of 1st period - Slapshot by Justin Holl.
14:43 of 1st period - Deflect By Jonathan Lekkerimaki.
14:43 of 1st period - Shot Blocked by Albert Johansson.
14:43 of 1st period - Puck is out of play.
14:44 of 1st period - Jacob Quillan wins face-off versus Michael Rasmussen in Philadelphia Phantoms zone.
14:53 of 1st period - Wrist shot by Michael Carcone.
14:53 of 1st period - Stopped by Joel Hofer with a rebound.
15:31 of 1st period - Tye Kartye is hit by Max Sasson and loses puck.
15:40 of 1st period - Snap shot by Jonathan Lekkerimaki.
15:40 of 1st period - Shot Misses the Net.
15:42 of 1st period - Wrist shot by Jonathan Lekkerimaki.
15:42 of 1st period - Stopped by Cooper Black with a rebound.
15:56 of 1st period - Samuel Johannesson is hit by Klim Kostin and loses puck.
16:20 of 1st period - Sam Carrick is hit by Jacob Quillan.
16:24 of 1st period - Justin Holl is hit by Michael Callahan and loses puck.
17:02 of 1st period - Snap shot by Tye Kartye.
17:02 of 1st period - Deflect By Adam Klapka.
17:02 of 1st period - Shot Misses the Net.
17:02 of 1st period - Puck is out of play.
17:03 of 1st period - Sam Carrick wins face-off versus Noah Laba in Tappara Tampere zone.
17:20 of 1st period - Wrist shot by Adam Klapka.
17:20 of 1st period - Stopped by Joel Hofer without a rebound.
17:21 of 1st period - Michael Rasmussen wins face-off versus Jacob Quillan in Tappara Tampere zone.
17:23 of 1st period - Icing by Logan Stankoven.
17:24 of 1st period - Michael Rasmussen wins face-off versus Jacob Quillan in Tappara Tampere zone.
17:33 of 1st period - Slapshot by Michael Carcone.
17:33 of 1st period - Stopped by Joel Hofer without a rebound.
17:34 of 1st period - Michael Rasmussen wins face-off versus Noel Gunler in Tappara Tampere zone.
17:59 of 1st period - Klim Kostin is hit by Samuel Johannesson and loses puck.
19:01 of 1st period - Snap shot by Jaroslav Chmelar.
19:01 of 1st period - Shot Misses the Net.
19:03 of 1st period - Wrist shot by Jaroslav Chmelar.
19:03 of 1st period - Shot Blocked by Ville Ottavainen.
19:05 of 1st period - Slapshot by Ryan Johnson.
19:05 of 1st period - Stopped by Joel Hofer without a rebound.
19:06 of 1st period - Kai Uchacz wins face-off versus Michael Rasmussen in Tappara Tampere zone.
19:13 of 1st period - Wrist shot by Nils Aman.
19:13 of 1st period - Shot Misses the Net.
19:57 of 1st period - Wrist shot by Tomas Nosek.
19:57 of 1st period - Stopped by Cooper Black without a rebound.
19:58 of 1st period - Sam Carrick wins face-off versus Noah Laba in Philadelphia Phantoms zone.
Goals for this period are 1 for Philadelphia Phantoms vs 0 for Tappara Tampere.
Shots for this period are 15 for Philadelphia Phantoms vs 5 for Tappara Tampere.
2nd period
0:01 of 2nd period - Adam Klapka wins face-off versus Sam Carrick in neutral zone.
0:34 of 2nd period - Andreas Englund and Noel Gunler fight to a draw.
0:34 of 2nd period - Penalty to Andreas Englund for Fighting.
0:34 of 2nd period - Penalty to Noel Gunler for Fighting.
0:35 of 2nd period - Klim Kostin wins face-off versus Nils Aman in neutral zone.
1:13 of 2nd period - Nathan Walker is hit by Tyler Kleven and loses puck.
2:04 of 2nd period - Samuel Johannesson is hit by Klim Kostin and loses puck.
2:11 of 2nd period - Snap shot by Klim Kostin.
2:11 of 2nd period - Shot Misses the Net.
2:13 of 2nd period - Snap shot by Mitchell Chaffee.
2:13 of 2nd period - Shot Blocked by Tyler Kleven.
2:33 of 2nd period - Jaroslav Chmelar is hit by Andrew Poturalski and loses puck.
2:44 of 2nd period - Nils Aman is hit by Michael Rasmussen and loses puck.
2:55 of 2nd period - Anton Johansson is hit by Logan Stankoven and loses puck.
3:13 of 2nd period - Wrist shot by Max Sasson.
3:13 of 2nd period - Deflect By Jonathan Lekkerimaki.
3:13 of 2nd period - Shot Misses the Net.
3:13 of 2nd period - Puck is out of play.
3:14 of 2nd period - Tomas Nosek wins face-off versus Jacob Quillan in Philadelphia Phantoms zone.
3:15 of 2nd period - Wrist shot by Klim Kostin.
3:15 of 2nd period - Shot Misses the Net.
3:57 of 2nd period - Kai Uchacz is hit by Justin Holl and loses puck.
5:21 of 2nd period - Ville Ottavainen is hit by Kai Uchacz and loses puck.
6:46 of 2nd period - Icing by Jonathan Lekkerimaki.
6:47 of 2nd period - Jacob Quillan wins face-off versus Jayson Megna in Tappara Tampere zone.
6:48 of 2nd period - Snap shot by Michael Carcone.
6:48 of 2nd period - Shot Blocked by Max Sasson.
6:58 of 2nd period - Wrist shot by Jayson Megna.
6:58 of 2nd period - Shot Misses the Net.
7:00 of 2nd period - Wrist shot by Andreas Englund.
7:00 of 2nd period - Stopped by Cooper Black with a rebound.
7:14 of 2nd period - Andreas Englund is hit by Alex Steeves and loses puck.
7:26 of 2nd period - Minor Penalty to John Klingberg for Slashing.
7:27 of 2nd period - Jacob Quillan wins face-off versus Sam Carrick in Tappara Tampere zone.
7:41 of 2nd period - Snap shot by Nikolai Kovalenko.
7:41 of 2nd period - Shot Misses the Net.
7:43 of 2nd period - Slapshot by Samuel Johannesson.
7:43 of 2nd period - Shot Blocked by Sam Carrick.
7:59 of 2nd period - Snap shot by Nathan Walker.
7:59 of 2nd period - Stopped by Cooper Black with a rebound.
8:01 of 2nd period - Snap shot by Michael Rasmussen.
8:01 of 2nd period - Shot Misses the Net.
8:15 of 2nd period - Adam Klapka is hit by Jan Rutta and loses puck.
8:54 of 2nd period - Icing by Nikolai Kovalenko.
8:55 of 2nd period - Michael Rasmussen wins face-off versus Adam Klapka in Philadelphia Phantoms zone.
9:26 of 2nd period - Penalty to John Klingberg is over, John Klingberg is back on ice.
10:03 of 2nd period - Off-side.
10:04 of 2nd period - Alex Steeves wins face-off versus Tomas Nosek in neutral zone.
10:14 of 2nd period - Off-side.
10:15 of 2nd period - Kai Uchacz wins face-off versus Michael Rasmussen in neutral zone.
10:24 of 2nd period - Snap shot by Michael Rasmussen.
10:24 of 2nd period - Stopped by Cooper Black without a rebound.
10:25 of 2nd period - Marc Gatcomb wins face-off versus Michael Rasmussen in Philadelphia Phantoms zone.
10:40 of 2nd period - Wrist shot by Nils Aman.
10:40 of 2nd period - Stopped by Joel Hofer without a rebound.
10:41 of 2nd period - Noah Laba wins face-off versus Sam Carrick in Tappara Tampere zone.
10:44 of 2nd period - Snap shot by Adam Klapka.
10:44 of 2nd period - Stopped by Joel Hofer with a rebound.
11:23 of 2nd period - Michael Callahan is hit by Nathan Walker and loses puck.
11:30 of 2nd period - Wrist shot by Logan Stankoven.
11:30 of 2nd period - Stopped by Cooper Black without a rebound.
11:31 of 2nd period - Noah Laba wins face-off versus Sam Carrick in Philadelphia Phantoms zone.
11:42 of 2nd period - Snap shot by Pierre Engvall.
11:42 of 2nd period - Stopped by Cooper Black without a rebound.
11:43 of 2nd period - Sam Carrick wins face-off versus Noah Laba in Philadelphia Phantoms zone.
11:46 of 2nd period - Wrist shot by Pierre Engvall.
11:46 of 2nd period - Stopped by Cooper Black with a rebound.
11:48 of 2nd period - Snap shot by Pierre Engvall.
11:48 of 2nd period - Stopped by Cooper Black with a rebound.
11:52 of 2nd period - Wrist shot by Pierre Engvall.
11:52 of 2nd period - Stopped by Cooper Black with a rebound.
12:01 of 2nd period - Minor Penalty to Noah Laba for Hooking.
12:02 of 2nd period - Alex Steeves wins face-off versus Michael Rasmussen in Philadelphia Phantoms zone.
12:10 of 2nd period - Wrist shot by Logan Stankoven.
12:10 of 2nd period - Shot Misses the Net.
12:31 of 2nd period - Icing by Mitchell Chaffee.
12:32 of 2nd period - Andrew Poturalski wins face-off versus Nikolai Kovalenko in Tappara Tampere zone.
12:34 of 2nd period - Icing by Mitchell Chaffee.
12:35 of 2nd period - Andrew Poturalski wins face-off versus Jacob Quillan in Tappara Tampere zone.
12:35 of 2nd period - Andrew Poturalski is hit by Michael Callahan.
13:19 of 2nd period - Off-side.
13:20 of 2nd period - Alex Steeves wins face-off versus Logan Stankoven in neutral zone.
13:25 of 2nd period - Slapshot by Alex Steeves.
13:25 of 2nd period - Stopped by Joel Hofer without a rebound.
13:26 of 2nd period - Alex Steeves wins face-off versus Michael Rasmussen in Tappara Tampere zone.
13:35 of 2nd period - Wrist shot by Michael Rasmussen.
13:35 of 2nd period - Goal by Michael Rasmussen - Philadelphia Phantoms : 1 - Tappara Tampere : 1.
13:36 of 2nd period - Kai Uchacz wins face-off versus Michael Rasmussen in neutral zone.
13:52 of 2nd period - Backhand shot by Michael Rasmussen.
13:52 of 2nd period - Stopped by Cooper Black with a rebound.
14:02 of 2nd period - Marc Gatcomb is hit by Justin Holl and loses puck.
14:11 of 2nd period - Slapshot by Pierre Engvall.
14:11 of 2nd period - Stopped by Cooper Black with a rebound.
14:13 of 2nd period - Slapshot by Andreas Englund.
14:13 of 2nd period - Shot Blocked by Ryan Johnson.
14:15 of 2nd period - Slapshot by Andreas Englund.
14:15 of 2nd period - Shot Blocked by Nils Aman.
14:27 of 2nd period - Wrist shot by Adam Klapka.
14:27 of 2nd period - Stopped by Joel Hofer without a rebound.
14:28 of 2nd period - Noah Laba wins face-off versus Tomas Nosek in Tappara Tampere zone.
14:47 of 2nd period - Snap shot by Mitchell Chaffee.
14:47 of 2nd period - Stopped by Cooper Black without a rebound.
14:48 of 2nd period - Jacob Quillan wins face-off versus Michael Rasmussen in Philadelphia Phantoms zone.
14:48 of 2nd period - Jacob Quillan is hit by Nathan Walker.
14:54 of 2nd period - Wrist shot by Tyler Kleven.
14:54 of 2nd period - Stopped by Joel Hofer with a rebound.
14:56 of 2nd period - Snap shot by Jacob Quillan.
14:56 of 2nd period - Shot Blocked by Sebastian J. Aho.
14:58 of 2nd period - Slapshot by Tyler Kleven.
14:58 of 2nd period - Shot Misses the Net.
15:14 of 2nd period - Snap shot by Alex Steeves.
15:14 of 2nd period - Stopped by Joel Hofer without a rebound.
15:15 of 2nd period - Sam Carrick wins face-off versus Alex Steeves in Tappara Tampere zone.
16:27 of 2nd period - Snap shot by Marc Gatcomb.
16:27 of 2nd period - Shot Blocked by John Klingberg.
16:29 of 2nd period - Snap shot by Anton Johansson.
16:29 of 2nd period - Stopped by Joel Hofer with a rebound.
16:31 of 2nd period - Slapshot by Nils Aman.
16:31 of 2nd period - Shot Misses the Net.
17:07 of 2nd period - Snap shot by Klim Kostin.
17:07 of 2nd period - Stopped by Cooper Black with a rebound.
17:09 of 2nd period - Slapshot by Ville Ottavainen.
17:09 of 2nd period - Stopped by Cooper Black with a rebound.
17:11 of 2nd period - Slapshot by Ville Ottavainen.
17:11 of 2nd period - Stopped by Cooper Black with a rebound.
17:21 of 2nd period - Wrist shot by Logan Stankoven.
17:21 of 2nd period - Shot Blocked by Jacob Quillan.
17:23 of 2nd period - Wrist shot by Justin Holl.
17:23 of 2nd period - Deflect By Michael Carcone.
17:23 of 2nd period - Stopped by Cooper Black with a rebound.
17:25 of 2nd period - Slapshot by Michael Rasmussen.
17:25 of 2nd period - Stopped by Cooper Black without a rebound.
17:26 of 2nd period - Jacob Quillan wins face-off versus Sam Carrick in Philadelphia Phantoms zone.
17:33 of 2nd period - Snap shot by Andrew Poturalski.
17:33 of 2nd period - Stopped by Cooper Black with a rebound.
17:35 of 2nd period - Wrist shot by Pierre Engvall.
17:35 of 2nd period - Shot Misses the Net.
17:37 of 2nd period - Wrist shot by Pierre Engvall.
17:37 of 2nd period - Deflect By Andrew Poturalski.
17:37 of 2nd period - Stopped by Cooper Black with a rebound.
17:39 of 2nd period - Wrist shot by Sam Carrick.
17:39 of 2nd period - Stopped by Cooper Black with a rebound.
17:41 of 2nd period - Slapshot by Justin Holl.
17:41 of 2nd period - Stopped by Cooper Black with a rebound.
17:51 of 2nd period - Justin Holl is hit by Tyler Kleven and loses puck.
18:22 of 2nd period - Minor Penalty to Noah Laba for Tripping.
18:23 of 2nd period - Jacob Quillan wins face-off versus Michael Rasmussen in Philadelphia Phantoms zone.
Goals for this period are 0 for Philadelphia Phantoms vs 1 for Tappara Tampere.
Shots for this period are 7 for Philadelphia Phantoms vs 21 for Tappara Tampere.
3rd period
0:01 of 3rd period - Nathan Walker wins face-off versus Jacob Quillan in neutral zone.
0:22 of 3rd period - Penalty to Noah Laba is over, Noah Laba is back on ice.
0:32 of 3rd period - Snap shot by Tye Kartye.
0:32 of 3rd period - Goal by Tye Kartye - Philadelphia Phantoms : 2 - Tappara Tampere : 1.
0:33 of 3rd period - Sam Carrick wins face-off versus Kai Uchacz in neutral zone.
1:24 of 3rd period - Wrist shot by Nikolai Kovalenko.
1:24 of 3rd period - Shot Blocked by Michael Rasmussen.
2:24 of 3rd period - Ryan Johnson is hit by Tomas Nosek.
3:12 of 3rd period - Tyler Kleven is hit by Jayson Megna and loses puck.
3:23 of 3rd period - Slapshot by Tyler Kleven.
3:23 of 3rd period - Deflect By Marc Gatcomb.
3:23 of 3rd period - Shot Blocked by Sam Carrick.
3:23 of 3rd period - Puck is out of play.
3:24 of 3rd period - Sam Carrick wins face-off versus Kai Uchacz in Tappara Tampere zone.
4:12 of 3rd period - Snap shot by Tomas Nosek.
4:12 of 3rd period - Shot Misses the Net.
4:14 of 3rd period - Slapshot by Justin Holl.
4:14 of 3rd period - Shot Blocked by Jacob Quillan.
4:20 of 3rd period - Backhand shot by Tomas Nosek.
4:20 of 3rd period - Shot Blocked by Michael Callahan.
5:35 of 3rd period - Snap shot by Adam Klapka.
5:35 of 3rd period - Shot Misses the Net.
5:37 of 3rd period - Slapshot by Ryan Johnson.
5:37 of 3rd period - Stopped by Joel Hofer with a rebound.
5:39 of 3rd period - Snap shot by Tye Kartye.
5:39 of 3rd period - Stopped by Joel Hofer with a rebound.
5:41 of 3rd period - Wrist shot by Noah Laba.
5:41 of 3rd period - Goal by Noah Laba - Philadelphia Phantoms : 3 - Tappara Tampere : 1.
5:42 of 3rd period - Sam Carrick wins face-off versus Alex Steeves in neutral zone.
5:44 of 3rd period - Minor Penalty to Sam Carrick for Holding.
5:45 of 3rd period - Jayson Megna wins face-off versus Jacob Quillan in Tappara Tampere zone.
6:07 of 3rd period - Michael Rasmussen is hit by Jacob Quillan and loses puck.
7:43 of 3rd period - Icing by Anton Johansson.
7:44 of 3rd period - Penalty to Sam Carrick is over, Sam Carrick is back on ice.
7:44 of 3rd period - Jacob Quillan wins face-off versus Sam Carrick in Philadelphia Phantoms zone.
7:49 of 3rd period - Snap shot by Tye Kartye.
7:49 of 3rd period - Stopped by Joel Hofer with a rebound.
8:03 of 3rd period - Andrew Poturalski is hit by Michael Callahan.
8:04 of 3rd period - Icing by Andrew Poturalski.
8:05 of 3rd period - Sam Carrick wins face-off versus Adam Klapka in Tappara Tampere zone.
8:05 of 3rd period - Sam Carrick is hit by Tye Kartye.
8:22 of 3rd period - Icing by Pierre Engvall.
8:23 of 3rd period - Nils Aman wins face-off versus Klim Kostin in Tappara Tampere zone.
8:26 of 3rd period - Wrist shot by Marc Gatcomb.
8:26 of 3rd period - Shot Misses the Net.
8:28 of 3rd period - Snap shot by Samuel Johannesson.
8:28 of 3rd period - Stopped by Joel Hofer with a rebound.
8:30 of 3rd period - Snap shot by Marc Gatcomb.
8:30 of 3rd period - Shot Blocked by Mitchell Chaffee.
8:34 of 3rd period - Snap shot by Nils Aman.
8:34 of 3rd period - Stopped by Joel Hofer with a rebound.
8:58 of 3rd period - Backhand shot by Logan Stankoven.
8:58 of 3rd period - Stopped by Cooper Black without a rebound.
8:59 of 3rd period - Sam Carrick wins face-off versus Noah Laba in Philadelphia Phantoms zone.
9:14 of 3rd period - Snap shot by Pierre Engvall.
9:14 of 3rd period - Shot Misses the Net.
10:05 of 3rd period - Off-side.
10:06 of 3rd period - Kai Uchacz wins face-off versus Jonathan Lekkerimaki in neutral zone.
10:09 of 3rd period - Slapshot by Albert Johansson.
10:09 of 3rd period - Deflect By Jayson Megna.
10:09 of 3rd period - Stopped by Joel Hofer with a rebound.
10:11 of 3rd period - Snap shot by Kai Uchacz.
10:11 of 3rd period - Stopped by Joel Hofer without a rebound.
10:12 of 3rd period - Kai Uchacz wins face-off versus Jayson Megna in Tappara Tampere zone.
10:21 of 3rd period - Wrist shot by Nils Aman.
10:21 of 3rd period - Shot Blocked by Jonathan Lekkerimaki.
10:23 of 3rd period - Backhand shot by Michael Callahan.
10:23 of 3rd period - Shot Misses the Net.
10:25 of 3rd period - Slapshot by Michael Callahan.
10:25 of 3rd period - Shot Hit the Post.
10:27 of 3rd period - Slapshot by Michael Callahan.
10:27 of 3rd period - Shot Blocked by Jonathan Lekkerimaki.
10:33 of 3rd period - Minor Penalty to Jayson Megna for High sticking.
10:34 of 3rd period - Michael Rasmussen wins face-off versus Jacob Quillan in Tappara Tampere zone.
10:54 of 3rd period - Slapshot by Andreas Englund.
10:54 of 3rd period - Stopped by Cooper Black with a rebound.
10:56 of 3rd period - Snap shot by Michael Rasmussen.
10:56 of 3rd period - Stopped by Cooper Black with a rebound.
10:58 of 3rd period - Slapshot by Jan Rutta.
10:58 of 3rd period - Shot Blocked by Anton Johansson.
11:00 of 3rd period - Slapshot by Michael Rasmussen.
11:00 of 3rd period - Shot Misses the Net.
11:02 of 3rd period - Slapshot by Nathan Walker.
11:02 of 3rd period - Goal by Nathan Walker - Philadelphia Phantoms : 3 - Tappara Tampere : 2.
11:03 of 3rd period - Michael Rasmussen wins face-off versus Jacob Quillan in neutral zone.
11:16 of 3rd period - Ville Ottavainen is hit by Adam Klapka and loses puck.
11:29 of 3rd period - Ville Ottavainen is hit by Anton Johansson.
11:35 of 3rd period - Wrist shot by Marc Gatcomb.
11:35 of 3rd period - Stopped by Joel Hofer without a rebound.
11:36 of 3rd period - Alex Steeves wins face-off versus Sam Carrick in Tappara Tampere zone.
11:39 of 3rd period - Snap shot by Alex Steeves.
11:39 of 3rd period - Shot Blocked by Tomas Nosek.
11:41 of 3rd period - Snap shot by Nils Aman.
11:41 of 3rd period - Stopped by Joel Hofer without a rebound.
11:42 of 3rd period - Jacob Quillan wins face-off versus Sam Carrick in Tappara Tampere zone.
11:47 of 3rd period - Snap shot by Adam Klapka.
11:47 of 3rd period - Shot Misses the Net.
12:15 of 3rd period - Snap shot by Nikolai Kovalenko.
12:15 of 3rd period - Stopped by Joel Hofer without a rebound.
12:16 of 3rd period - Sam Carrick wins face-off versus Alex Steeves in Tappara Tampere zone.
12:33 of 3rd period - Penalty to Jayson Megna is over, Jayson Megna is back on ice.
12:39 of 3rd period - Snap shot by Michael Rasmussen.
12:39 of 3rd period - Shot Misses the Net.
13:39 of 3rd period - Snap shot by Sam Carrick.
13:39 of 3rd period - Stopped by Cooper Black with a rebound.
14:25 of 3rd period - Wrist shot by Noel Gunler.
14:25 of 3rd period - Stopped by Joel Hofer with a rebound.
14:27 of 3rd period - Wrist shot by Noel Gunler.
14:27 of 3rd period - Shot Misses the Net.
15:16 of 3rd period - Slapshot by Nils Aman.
15:16 of 3rd period - Shot Misses the Net.
15:18 of 3rd period - Slapshot by Kai Uchacz.
15:18 of 3rd period - Stopped by Joel Hofer without a rebound.
15:19 of 3rd period - Sam Carrick wins face-off versus Adam Klapka in Tappara Tampere zone.
15:29 of 3rd period - Icing by Andrew Poturalski.
15:30 of 3rd period - Sam Carrick wins face-off versus Kai Uchacz in Tappara Tampere zone.
15:35 of 3rd period - Nils Aman is hit by Pierre Engvall and loses puck.
15:54 of 3rd period - Wrist shot by Pierre Engvall.
15:54 of 3rd period - Stopped by Cooper Black without a rebound.
15:55 of 3rd period - Tomas Nosek wins face-off versus Noah Laba in Philadelphia Phantoms zone.
15:56 of 3rd period - Snap shot by Mitchell Chaffee.
15:56 of 3rd period - Stopped by Cooper Black with a rebound.
15:59 of 3rd period - Icing by Ryan Johnson.
16:00 of 3rd period - Tomas Nosek wins face-off versus Noah Laba in Philadelphia Phantoms zone.
16:01 of 3rd period - Slapshot by Klim Kostin.
16:01 of 3rd period - Goal by Klim Kostin - Philadelphia Phantoms : 3 - Tappara Tampere : 3.
16:02 of 3rd period - Tomas Nosek wins face-off versus Noah Laba in neutral zone.
16:59 of 3rd period - Wrist shot by Alex Steeves.
16:59 of 3rd period - Stopped by Joel Hofer without a rebound.
17:00 of 3rd period - Tomas Nosek wins face-off versus Noah Laba in Tappara Tampere zone.
17:09 of 3rd period - Wrist shot by Tye Kartye.
17:09 of 3rd period - Stopped by Joel Hofer without a rebound.
17:10 of 3rd period - Tomas Nosek wins face-off versus Noah Laba in Tappara Tampere zone.
17:23 of 3rd period - Snap shot by Tye Kartye.
17:23 of 3rd period - Stopped by Joel Hofer with a rebound.
17:25 of 3rd period - Snap shot by Tye Kartye.
17:25 of 3rd period - Stopped by Joel Hofer with a rebound.
17:27 of 3rd period - Wrist shot by Tye Kartye.
17:27 of 3rd period - Stopped by Joel Hofer with a rebound.
17:52 of 3rd period - Snap shot by Tye Kartye.
17:52 of 3rd period - Stopped by Joel Hofer without a rebound.
17:53 of 3rd period - Kai Uchacz wins face-off versus Jayson Megna in Tappara Tampere zone.
18:02 of 3rd period - Slapshot by Nils Aman.
18:02 of 3rd period - Stopped by Joel Hofer with a rebound.
18:04 of 3rd period - Slapshot by Samuel Johannesson.
18:04 of 3rd period - Shot Blocked by Sebastian J. Aho.
18:06 of 3rd period - Wrist shot by Marc Gatcomb.
18:06 of 3rd period - Shot Misses the Net.
18:23 of 3rd period - Slapshot by Michael Callahan.
18:23 of 3rd period - Shot Blocked by Logan Stankoven.
18:29 of 3rd period - Snap shot by Logan Stankoven.
18:29 of 3rd period - Stopped by Cooper Black with a rebound.
18:31 of 3rd period - Wrist shot by Sebastian J. Aho.
18:31 of 3rd period - Shot Hit the Post.
18:43 of 3rd period - Pierre Engvall is hit by Albert Johansson and loses puck.
18:50 of 3rd period - Slapshot by Andrew Poturalski.
18:50 of 3rd period - Stopped by Cooper Black without a rebound.
18:51 of 3rd period - Kai Uchacz wins face-off versus Tomas Nosek in Philadelphia Phantoms zone.
18:51 of 3rd period - Kai Uchacz is hit by John Klingberg.
Goals for this period are 2 for Philadelphia Phantoms vs 2 for Tappara Tampere.
Shots for this period are 21 for Philadelphia Phantoms vs 10 for Tappara Tampere.
Overtime #1
0:01 of 1st overtime period - Alex Steeves wins face-off versus Michael Rasmussen in neutral zone.
0:34 of 1st overtime period - Snap shot by Sam Carrick.
0:34 of 1st overtime period - Shot Blocked by Tyler Kleven.
1:09 of 1st overtime period - Icing by Andreas Englund.
1:10 of 1st overtime period - Sam Carrick wins face-off versus Jacob Quillan in Tappara Tampere zone.
1:34 of 1st overtime period - Justin Holl is hit by Michael Callahan and loses puck.
1:47 of 1st overtime period - Samuel Johannesson is hit by Michael Rasmussen.
2:34 of 1st overtime period - Icing by Michael Carcone.
2:35 of 1st overtime period - Sam Carrick wins face-off versus Jacob Quillan in Philadelphia Phantoms zone.
3:13 of 1st overtime period - Icing by Nathan Walker.
3:14 of 1st overtime period - Jacob Quillan wins face-off versus Sam Carrick in Tappara Tampere zone.
4:23 of 1st overtime period - Wrist shot by Mitchell Chaffee.
4:23 of 1st overtime period - Deflect By Tomas Nosek.
4:23 of 1st overtime period - Goal by Tomas Nosek - Philadelphia Phantoms : 3 - Tappara Tampere : 4.
Goals for this period are 0 for Philadelphia Phantoms vs 1 for Tappara Tampere.
Shots for this period are 0 for Philadelphia Phantoms vs 1 for Tappara Tampere.
Back to the Top